details: 'whyleaveme'

« prev index next »

General information

Mini Map

Players

team 1
Orcbluefagget (orange | 33 APM | 30 actions | 00:55)

» actions
Build / train4
Enter build submenu3
Right click12
Select / deselect8
Use ability3
30 total
» units
Peon4
4 total
» buildings
War Mill1
Orc Burrow1
Altar of Storms1
3 total
» build order
00:20 War Mill
00:36 Orc Burrow
00:51 Altar of Storms
OrcGayStyle (purple | 73 APM | 68 actions | 00:56)

» actions
Assign group hotkey17
Build / train6
ESC pressed2
Enter build submenu3
Right click22
Select / deselect10
Select group hotkey3
Use ability5
68 total
» units
Peon6
6 total
» buildings
Altar of Storms1
Orc Burrow1
War Mill1
3 total
» build order
00:10 Altar of Storms
00:19 Orc Burrow
00:51 War Mill
HumanKnown2Own (yellow | 30 APM | 28 actions | 00:55)

» actions
Build / train4
Enter build submenu1
Right click15
Select / deselect7
Use ability1
28 total
» units
Peasant4
4 total
» buildings
Lumber Mill1
1 total
» build order
00:18 Lumber Mill
team 2
OrcJolie (red | 35 APM | 17 actions | 00:29)

» actions
Build / train1
Enter build submenu2
Right click7
Select / deselect5
Use ability2
17 total
» units
Peon1
1 total
» buildings
Altar of Storms1
Orc Burrow1
2 total
» build order
00:09 Altar of Storms
00:21 Orc Burrow
Random» slxlalqw (pink | 22 APM | 9 actions | 00:25)

» actions
Right click6
Select / deselect3
9 total
UndeadVenci (teal | 13 APM | 12 actions | 00:54)

» actions
Right click8
Select / deselect4
12 total

Chat log

(00:06 / All) bluefagget: hey idiots
(00:08 / All) bluefagget: whyd you leave
(00:09 / All) Known2Own: are you going to leave like last time
(00:12 / All) Venci: Your joy
(00:16 / All) Venci: 니좆
(00:17 / All) Venci: 시발럼아
(00:18 / All) Venci: 한국말써
(00:20 / All) Venci: 개호구새끼드ㅜㄹ
(00:22 / All) Venci: 주둥아리
(00:23 / All) slxlalqw: hey yangki
(00:24 / All) Known2Own:
(00:25 / All) Known2Own:
(00:26 / All) Venci: 때버리기전에
(00:30 / All) Venci: 십주가리년아
(00:42 / All) Known2Own: WHY DO YOU LEAVE
(00:43 / All) Known2Own: WHY
(00:45 / All) Venci: 니좆
(00:47 / All) Venci: 씹새끼야
(00:49 / All) Venci: 호구년아
(00:50 / All) Venci: 알아듣냐
(00:53 / All) Venci: 씹병신아